 Dungeon Crawl Stone Soup version 0.31-a0-408-gb642c7f9a3 (webtiles) character file.

Game seed: 4902002443950645962

18905 HallandMoats the Demonic Catastrophe (level 12, -4/100 HPs)
             Began as a Demonspawn Fighter on July 29, 2023.
             Was an Elder of Qazlal.
             Slain by a very large slime creature (38 damage)
             ... on level 12 of the Dungeon on July 30, 2023.
             The game lasted 00:22:15 (10378 turns).

HallandMoats the Demonic Catastrophe (DsFi)        Turns: 10378, Time: 00:22:15

Health: -4/100     AC: 24    Str: 28    XL:     12   Next: 31%
Magic:  0/22       EV: 14    Int: 13    God:    Qazlal [****..]
Gold:   924        SH: 15    Dex: 12    Spells: 11/11 levels left

rFire   + . .        b - +7 flail "Syvy" {vamp, Str+5 Stlth+}
rCold   . . .        c - +0 buckler
rNeg    . . .        S - +0 troll leather armour
rPois   +            o - +0 hat {Will+}
rElec   +            P - +2 cloak {rPois}
rCorr   .            t - +2 pair of gloves
SInv    .            F - -1 pair of boots of Creativity {+Inv Str+4}
Will    +....        T - amulet of guardian spirit
Stlth   +            f - ring of protection from fire
HPRegen 1.16/turn    q - +4 ring of protection
MPRegen 0.18/turn

%: repel missiles, guardian spirit
@: no status effects
A: horns 1, thin metallic scales 3, icemail 1, condensation shield
a: Renounce Religion, Evoke Invisibility, Upheaval, Elemental Force


You were on level 12 of the Dungeon.
You worshipped Qazlal.
Qazlal was greatly pleased with you.
You visited 1 branch of the dungeon, and saw 12 of its levels.

You collected 963 gold pieces.
You spent 39 gold pieces at shops.

Inventory:

Hand Weapons
 a - a +0 war axe
 b - the +7 flail "Syvy" (weapon) {vamp, Str+5 Stlth+}
   (You found it on level 2 of the Dungeon)

   Str:       It affects your strength (+5).
   Stlth:     It makes you more stealthy.
 R - a +5 scimitar of flaming
Armour
 c - a +0 buckler (worn)
 n - a +1 pair of boots
 o - a +0 hat of willpower (worn)
 t - a +2 pair of gloves (worn)
 F - the -1 pair of boots of Creativity (worn) {+Inv Str+4}
   (You found it on level 9 of the Dungeon)

   Str:       It affects your strength (+4).
   +Inv:      It lets you turn invisible.
 P - a +2 cloak of poison resistance (worn)
 S - a +0 troll leather armour (worn)
Jewellery
 f - a ring of protection from fire (left hand)
 q - a +4 ring of protection (right hand)
 A - a ring of magical power
 B - a ring of ice
 D - a ring of flight
 K - a ring of fire
 M - a ring of wizardry
 O - a ring of protection from fire
 Q - a +5 ring of evasion
 T - an amulet of guardian spirit (around neck)
 V - a +5 ring of evasion
Talismans
 r - a maw talisman
Wands
 y - a wand of charming (17)
 C - a wand of polymorph (6)
 J - a wand of iceblast (6)
 L - a wand of flame (27)
Scrolls
 e - 6 scrolls of enchant weapon
 h - 5 scrolls of blinking {unknown}
 i - 2 scrolls of summoning {unknown}
 m - 3 scrolls of noise {unknown}
 u - 4 scrolls of fog {unknown}
 v - a scroll of teleportation {unknown}
 w - 6 scrolls of poison
 z - 2 scrolls of identify
 G - 2 scrolls of amnesia {unknown}
 I - 2 scrolls of revelation {unknown}
 N - a scroll of immolation
Potions
 d - 2 potions of degeneration {unknown}
 g - a potion of ambrosia {unknown}
 j - 2 potions of haste {unknown}
 k - 4 potions of mutation
 l - 9 potions of curing
 p - 3 potions of heal wounds {unknown}
 s - 3 potions of lignification
 x - 3 potions of brilliance
 E - a potion of cancellation {unknown}
 H - a potion of enlightenment {unknown}
 U - a potion of attraction {unknown}


   Skills:
 * Level 11.3 Fighting
 - Level 2.3 Axes
 + Level 7.8 Armour
 + Level 7.1 Dodging
 + Level 7.5 Shields
 * Level 14.1 Invocations


You had 11 spell levels left.
You didn't know any spells.
Your spell library contained the following spells:

 Spells                   Type           Power      Damage    Failure   Level
 Apportation              Tloc           0%         N/A       36%         1
 Shock                    Conj/Air       0%         1d3       36%         1
 Wereblood                Tmut           0%         N/A       52%         2
 Confusing Touch          Hex            0%         N/A       75%         3
 Gell's Gravitas          Tloc           0%         N/A       75%         3
 Swiftness                Air            0%         N/A       75%         3
 Teleport Other           Tloc           0%         N/A       75%         3
 Vhi's Electric Charge    Tloc/Air       0%         N/A       75%         3
 Airstrike                Air            0%         2d(0-16)  98%         4
 Animate Armour           Summ/Erth      0%         N/A       98%         4
 Summon Lightning Spire   Summ/Air       0%         N/A       98%         4
 Alistair's Intoxication  Tmut/Pois      0%         N/A       100%        5
 Arcjolt                  Conj/Air       0%         1d10      100%        5
 Borgnjor's Vile Clutch   Necr/Erth      0%         N/A       100%        5
 Irradiate                Conj/Tmut      0%         3d11      100%        5
 Lee's Rapid Deconstruct  Erth           0%         3d4*      100%        5
 Dispersal                Tloc           0%         N/A       100%        6
 Eringya's Noxious Bog    Tmut/Pois      0%         4d6       100%        6
 Plasma Beam              Fire/Air       0%         2x1d10    100%        6


Dungeon Overview and Level Annotations

Branches:
Dungeon (12/15)            Temple (0/1) D:7            Lair (0/5) D:9
    Orc (0/2) D:9

Altars:
Ashenzari
Dithmenos
Hepliaklqana
Nemelex Xobeh
Qazlal
Ru
Sif Muna
Trog
Uskayaw
Xom

Shops:
D:3 !   D:6 *

Annotations:
D:10 Nergalle
D:11 Erolcha


Innate Abilities, Weirdness & Mutations

You have a pair of small horns on your head.
You are completely covered in thin metallic scales. (AC +4, rElec)
A meltable icy envelope protects you from harm. (AC +4)
A meltable shield of frost defends you. (SH +4)


Message History

You feel better.
Your headbutt misses the very large slime creature.
The very large slime creature is moderately wounded.
The very large slime creature hits you!!!
You completely miss the very large slime creature.
You headbutt the very large slime creature.
The very large slime creature is moderately wounded.
You block the very large slime creature's attack.
The very large slime creature hits you!
You sock the very large slime creature!
You feel better.
You headbutt the very large slime creature!
The very large slime creature is heavily wounded.
The very large slime creature hits you but does no damage.
You barely miss the very large slime creature.
The very large slime creature is heavily wounded.
You block the very large slime creature's attack.
You sock the very large slime creature!
The very large slime creature is heavily wounded.
You block the very large slime creature's attack.
The very large slime creature closely misses you.
You sock the very large slime creature!
You feel better.
You headbutt the very large slime creature.
The very large slime creature is severely wounded.
You block the very large slime creature's attack.
You hit the very large slime creature.
You feel better.
You headbutt the very large slime creature.
The very large slime creature is severely wounded.
You block the very large slime creature's attack. x2
You sock the very large slime creature!
You headbutt the very large slime creature!
The very large slime creature is severely wounded.
The very large slime creature hits you!!
* * * LOW HITPOINT WARNING * * *
You sock the very large slime creature!
You feel better.
You headbutt the very large slime creature, but do no damage.
The very large slime creature is severely wounded.
You block the very large slime creature's attack.
The very large slime creature attacks as you move away!
The very large slime creature hits you!!!
You die...

#...#[# ########.###
..)........#
.......#.#.#######
.........#.......#######
........................
.#####.#########.##....
#.# #.# . #.# #@# # ..#
#J# .# ### #.#..##.
#...# #. #..####.
#.......#####
#...........#
#...........#
............#


You could see a very large slime creature.

Vanquished Creatures
  Gastronok (D:10)
  Josephine (D:11)
  A two-headed ogre (D:12)
  Erica (D:8)
  A boulder beetle (D:12)
  3 death yaks (D:9)
  The ghost of XomNomNom the Cleaver, a novice HOMo of Okawaru (D:8)
  Pikel (D:5)
  2 cyclopes
  3 manticores
  Maurice (D:8)
  2 gargoyles (D:12)
  An unseen horror (D:12)
  4 trolls
  Grinder (D:6)
  A hornet (D:9)
  2 shadows
  2 vampires
  3 wraiths (D:10)
  4 wyverns
  12 yaks
  A ynoxinul (D:10)
  A steam dragon (D:6)
  3 vampire mosquitoes (D:12)
  3 acid dragons
  A sky beast (D:8)
  8 orc warriors
  2 black bears
  An ice beast (D:8)
  2 ogres
  A centaur (D:9)
  4 kobold brigands
  2 bullfrogs
  4 gnoll sergeants
  4 scorpions
  3 wights (D:6)
  15 killer bees
  3 howler monkeys (D:10)
  A hound (D:5)
  A jelly (D:7)
  6 orc priests
  A gnoll bouda (D:9)
  Jessica (D:3)
  2 iguanas
  12 orc wizards
  2 sleepcaps
  11 gnolls
  7 adders
  A white imp (D:6)
  An ufetubus (D:7)
  3 worms
  2 dart slugs
  56 orcs
  9 ball pythons
  8 endoplasms
  6 giant cockroaches
  5 goblins
  4 hobgoblins
  8 jackals (D:3)
  6 quokkas
  7 bats
  3 frilled lizards
  11 kobolds
  4 rats
284 creatures vanquished.

Vanquished Creatures (others)
  An unseen horror (D:11)
  An orc (D:11)
2 creatures vanquished.

Grand Total: 286 creatures vanquished

Notes
Turn   | Place    | Note
-------+----------+-------------------------------------------
     0 | D:1      | HallandMoats the Demonspawn Fighter began the quest for the
                  | Orb.
     0 | D:1      | Reached XP level 1. HP: 18/18 MP: 1/1
     2 | D:1      | Noticed a gargoyle
     2 | D:1      | Noticed a human
     4 | D:1      | Noticed a demigod
     6 | D:1      | Noticed an ogre
     6 | D:1      | Noticed a ghoul
     8 | D:1      | Noticed a formicid
    10 | D:1      | Noticed an octopode
    10 | D:1      | Noticed an armataur
    12 | D:1      | Noticed a tengu
    12 | D:1      | Noticed a meteoran
    14 | D:1      | Noticed a vampire
    16 | D:1      | Noticed a minotaur
    16 | D:1      | Noticed a naga
    18 | D:1      | Noticed a spriggan
    18 | D:1      | Noticed a felid
    20 | D:1      | Noticed a troll
    20 | D:1      | Noticed a merfolk
    22 | D:1      | Noticed a draconian
    22 | D:1      | Noticed a demonspawn
    24 | D:1      | Noticed an elf
    26 | D:1      | Noticed a demigod
    26 | D:1      | Noticed a spriggan
   112 | D:1      | Reached skill level 1 in Invocations
   112 | D:1      | Gained mutation: You are partially covered in thin metallic
                  | scales. (AC +2) [demonic ancestry]
   112 | D:1      | Reached XP level 2. HP: 24/24 MP: 2/2
   606 | D:1      | Gained mutation: You are mostly covered in thin metallic
                  | scales. (AC +3) [demonic ancestry]
   606 | D:1      | Reached XP level 3. HP: 25/29 MP: 4/4
   858 | D:2      | Reached skill level 2 in Invocations
   860 | D:2      | Found a faded altar of an unknown god.
   864 | D:2      | Identified the +7 flail "Syvy" {vamp, Str+5 Stlth+}
  1548 | D:3      | Reached XP level 4. HP: 36/37 MP: 5/5
  1686 | D:3      | Noticed Jessica
  1690 | D:3      | Killed Jessica
  1691 | D:3      | Reached skill level 3 in Invocations
  1883 | D:3      | Reached XP level 5. HP: 41/42 MP: 7/7
  1946 | D:3      | Found a sparkling altar of Nemelex Xobeh.
  2096 | D:3      | Found Ceeduf's Distillery.
  2103 | D:3      | Bought a potion of curing for 39 gold pieces
  2489 | D:4      | Reached skill level 1 in Dodging
  3232 | D:5      | Entered Level 5 of the Dungeon
  3237 | D:5      | Noticed a black bear
  3246 | D:5      | Killed a black bear
  3247 | D:5      | Reached skill level 4 in Invocations
  3277 | D:5      | Found a hide-covered altar of Uskayaw.
  3288 | D:5      | Reached XP level 6. HP: 49/49 MP: 9/9
  3673 | D:5      | Reached skill level 5 in Invocations
  4055 | D:6      | Gained mutation: You have a pair of small horns on your
                  | head. [demonic ancestry]
  4055 | D:6      | Reached XP level 7. HP: 53/55 MP: 10/10
  4087 | D:6      | Noticed Pikel
  4125 | D:5      | Killed Pikel
  4126 | D:5      | Reached skill level 5 in Fighting
  4126 | D:5      | Reached skill level 6 in Invocations
  4154 | D:6      | Noticed Grinder
  4161 | D:6      | Gained mutation: A meltable shield of frost defends you.
                  | (SH +4) [demonic ancestry]
  4161 | D:6      | Reached XP level 8. HP: 59/64 MP: 12/12
  4173 | D:6      | Paralysed by Grinder for 5 turns
  4186 | D:6      | Killed Grinder
  4226 | D:6      | Reached skill level 7 in Invocations
  4428 | D:6      | Found Migelugu's General Store.
  4739 | D:7      | Found a stormy altar of Qazlal.
  4742 | D:7      | Became a worshipper of Qazlal Stormbringer
  4822 | D:7      | Reached skill level 8 in Invocations
  5019 | D:7      | Found a staircase to the Ecumenical Temple.
  5238 | D:7      | Reached XP level 9. HP: 71/71 MP: 15/15
  5262 | D:7      | Found a sacrificial altar of Ru.
  5605 | D:8      | Found a runed translucent gate.
  5654 | D:8      | Found a runed translucent gate.
  5655 | D:8      | Found a runed translucent gate.
  5655 | D:8      | Noticed XomNomNom's ghost (novice HOMo)
  5744 | D:8      | Reached skill level 5 in Armour
  5816 | D:8      | Reached skill level 5 in Shields
  5817 | D:8      | Reached * piety under Qazlal
  5909 | D:8      | Noticed Maurice
  5927 | D:8      | Killed Maurice
  5928 | D:8      | Reached skill level 9 in Invocations
  6395 | D:8      | Noticed Erica
  6414 | D:8      | Killed Erica
  6415 | D:8      | Reached skill level 10 in Invocations
  6415 | D:8      | Reached XP level 10. HP: 70/80 MP: 17/17
  6853 | D:9      | Reached skill level 5 in Dodging
  6890 | D:9      | Reached ** piety under Qazlal
  6994 | D:9      | You fall into a shaft and drop 2 floors!
  6998 | D:10     | Entered Level 10 of the Dungeon
  7220 | D:10     | Found a shadowy altar of Dithmenos.
  7290 | D:10     | Found a broken altar of Ashenzari.
  7294 | D:10     | Saw a vision of the Shoals and the Snake Pit.
  7294 | D:10     | Noticed a merfolk aquamancer
  7294 | D:10     | Noticed a mana viper
  7294 | D:10     | Noticed a guardian serpent
  7294 | D:10     | Noticed a black mamba
  7294 | D:10     | Noticed Nergalle
  7297 | D:10     | Noticed a naga mage
  7300 | D:10     | Noticed a naga mage
  7359 | D:9      | Noticed a death yak
  7360 | D:9      | Noticed a death yak
  7419 | D:10     | Found a shimmering altar of Xom.
  7551 | D:9      | Found a hazy altar of Hepliaklqana.
  7576 | D:9      | Identified the -1 pair of boots of Creativity {+Inv Str+4}
  7610 | D:9      | Identified a scroll of acquirement
  7612 | D:9      | Acquired 390 gold pieces
  7621 | D:9      | Found a staircase to the Lair.
  7668 | D:9      | Noticed a death yak
  7701 | D:9      | Killed a death yak
  7702 | D:9      | Reached skill level 11 in Invocations
  7713 | D:9      | Killed a death yak
  7732 | D:9      | Killed a death yak
  7740 | D:9      | Gained mutation: A meltable icy envelope protects you from
                  | harm. (AC +4) [demonic ancestry]
  7740 | D:9      | Reached XP level 11. HP: 75/89 MP: 7/19
  7873 | D:9      | Found a staircase to the Orcish Mines.
  7938 | D:9      | Reached *** piety under Qazlal
  7952 | D:9      | Reached skill level 12 in Invocations
  8187 | D:10     | Found a bloodstained altar of Trog.
  8208 | D:10     | Found a shimmering blue altar of Sif Muna.
  8212 | D:10     | Got Sif Muna's Exposition on Quantum Anathema
  8528 | D:11     | Noticed Gastronok
  8562 | D:10     | Killed Gastronok
  8563 | D:10     | Reached skill level 10 in Fighting
  8706 | D:8      | Killed XomNomNom's ghost
  8838 | D:11     | Noticed Josephine
  8973 | D:11     | Killed Josephine
  9142 | D:11     | Reached skill level 13 in Invocations
  9183 | D:11     | Reached **** piety under Qazlal
  9456 | D:11     | Noticed Erolcha
  9972 | D:12     | Gained mutation: You are completely covered in thin
                  | metallic scales. (AC +4, rElec) [demonic ancestry]
  9972 | D:12     | Reached XP level 12. HP: 99/99 MP: 22/22
 10028 | D:12     | Noticed a two-headed ogre
 10033 | D:12     | Killed a two-headed ogre
 10160 | D:12     | Noticed a boulder beetle
 10226 | D:12     | Killed a boulder beetle
 10227 | D:12     | Reached skill level 14 in Invocations
 10378 | D:12     | Slain by a very large slime creature

Illustrated notes

Levels and vault maps discovered:
D:1:      kb_arrival_jail, layout_loops_ring, kennysheep_another_room,
          st_stairs_4
D:2:      layout_basic, basic_altar, shapermc_ecumenical_altar_gd
D:3:      layout_basic, nemelex_altar_shiori, mainiacjoe_overflow_tiny_flanked,
          serial_shops, nicolae_shop_rolling_square, chequers_garden,
          minmay_misc_feat_square, kennysheep_jessica_study
D:4:      layout_basic
D:5:      layout_loops_corners, nicolae_uskayaw_murder_on_the_dancefloor
D:6:      layout_rooms, serial_shops, nicolae_shop_gibbet_a_chance, uniq_pikel,
          uniq_grinder
D:7:      layout_basic, mainiacjoe_overflow_brackets, nicolae_ru_path_of_blood,
          minmay_temple_entry_gardened_gates
D:8:      layout_loops_corners, marbit_many_paths, biasface_ghost_orc_armoury,
          uniq_erica, uniq_maurice
D:9:      layout_cave_pools, mainiacjoe_overflow_alcove_1, dpeg_lair_monsters,
          kennysheep_orc_monster_closet_entryway, chequers_serial_rivers_small_b
D:10:     layout_loops_ring, nzn_overflow_gifts_of_might_and_magic,
          old_standard_altar, grunt_ashenzari_visionary
          [grunt_ashenzari_visionary_shoals, grunt_ashenzari_visionary_snake],
          kennysheep_little_box, uniq_nergalle
D:11:     minmay_klotski, layout_cave_pods, uniq_gastronok, uniq_erolcha,
          uniq_josephine
D:12:     layout_basic

Skill      XL: |  1  2  3  4  5  6  7  8  9 10 11 12 |
---------------+-------------------------------------+-----
Axes           | 2 |  2.3
Invocations    | 1 2 3 4 5 6 8 10 11 13 14 | 14.1
Fighting       | 4 5 6 8 9 10 11 | 11.3
Shields        | 3 4 5 6 7 |  7.5
Armour         | 3 4 5 6 7 |  7.8
Dodging        | 1 2 3 4 5 6 7 |  7.1

Action                     |  1- 3 |  4- 6 |  7- 9 | 10-12 || total
---------------------------+-------+-------+-------+-------++-------
  Melee: War axe           |   112 |       |       |       ||   112
         Flail             |    39 |   141 |   248 |   572 ||  1000
         Headbutt          |       |       |    42 |   152 ||   194
 Invoke: Upheaval          |       |       |       |     1 ||     1
    Use: Potion            |       |       |     1 |       ||     1
         Scroll            |       |       |     1 |    11 ||    12
 Armour: Scale mail        |    97 |   104 |   142 |    17 ||   360
         Troll leather arm |       |       |       |   343 ||   343
  Dodge: Dodged            |    75 |    83 |   119 |   367 ||   644
         Repelled          |       |       |       |     1 ||     1
  Block: Buckler           |    35 |    40 |   137 |   521 ||   733

Table legend: (Time is in decaauts)
 A = Elapsed time spent in this place.
 B = Non-inter-level travel time spent in this place.
 C = Inter-level travel time spent in this place.
 D = Time resting spent in this place.
 E = Time spent auto-exploring this place.
 F = Levels seen in this place.
 G = Mean time per level.
                   A        B        C        D        E       F      G
               +--------+--------+--------+--------+--------+-----+--------+
         Total |  10810 |  10275 |    535 |    601 |   6624 |  12 |  900.8 |
       Dungeon |  10810 |  10275 |    535 |    601 |   6624 |  12 |  900.8 |
               +--------+--------+--------+--------+--------+-----+--------+

Top non-repeatable levels by time:
     D:8: 1587 daAuts
    D:10: 1184 daAuts
    D:11: 1058 daAuts
     D:9: 950 daAuts
     D:3: 918 daAuts
     D:4: 843 daAuts
     D:1: 834 daAuts
     D:5: 822 daAuts
     D:2: 724 daAuts
     D:7: 702 daAuts
     D:6: 688 daAuts
    D:12: 493 daAuts
